 Dungeon Sprint DCSS version 0.29-a0-512-gf59ac788ac (webtiles) character file.

Game seed: 5507289191486472996

7532 mhtbhm the Grappler (level 10, -1/96 HPs)
             Began as a Troll Transmuter on May 30, 2022.
             Was an Initiate of Gozag.
             Slain by a spriggan defender
             ... wielding a +1 lajatang of electrocution
              (22 damage)
             ... in the Dungeon (Sprint IV: "Fedhas' Mad Dash").
             The game lasted 00:09:31 (3171 turns).

mhtbhm the Grappler (Troll Transmuter)              Turns: 3171, Time: 00:09:31

Health: -1/96      AC:  2    Str: 24    XL:     10   Next: 96%
Magic:  15/20      EV: 23    Int:  9    God:    Gozag
Gold:   109        SH:  0    Dex: 15    Spells: 13/23 levels left

rFire   . . .      SeeInvis +     - Unarmed
rCold   . . .      Faith    .   (shield currently unavailable)
rNeg    . . .      Spirit   .   (body armour currently unavailable)
rPois   .          Reflect  .   (helmet currently unavailable)
rElec   .          Harm     .   (cloak currently unavailable)
rCorr   +          Rampage  .   (gloves unavailable)
Will    .....      NoTele   +   (boots unavailable)
Stlth   +++.......              d - amulet of invisibility {+Inv}
HPRegen 1.06/turn               g - ring "Lommoy" {Wiz *Slow rPois rCorr SInv}
MPRegen 0.17/turn               (no ring)

@: spider-form, very slightly contaminated, hasted, very quick
A: venomous fangs, tiny, unfitting armour, (claws 3), regeneration 1, (shaggy
fur 1), (tough skin 1)
a: End Transformation, Renounce Religion, Evoke Invisibility, Potion Petition,
Call Merchant, Bribe Branch


You were in the Dungeon.
You worshipped Gozag.
Gozag was aware of your devotion.
You were a venomous arachnid creature.
You visited 1 branch You collected 2836 gold pieces.
You spent 550 gold pieces at shops.
You paid 2177 gold pieces to Gozag.

Inventory:

Armour
 a - a +0 robe (melded)
 e - a +2 cloak
Jewellery
 d - the amulet of invisibility (around neck) {+Inv}
   (You found it in the Dungeon)

   [amulet of nothing]

   +Inv:      It lets you turn invisible.
 g - the ring "Lommoy" (left front leg) {Wiz *Slow rPois rCorr SInv}
   (You found it in the Dungeon)

   [ring of wizardry]

   It improves your spell success rate.
   rPois:     It protects you from poison.
   SInv:      It lets you see invisible.
   rCorr:     It protects you from acid and corrosion.
   *Slow:     It may slow you when you take damage.
Scrolls
 c - a scroll of identify
Potions
 b - a potion of lignification
 f - 2 potions of magic
 i - 2 potions of ambrosia
 j - 3 potions of heal wounds


   Skills:
 + Level 5.0 Fighting
 + Level 7.5 Dodging
 + Level 5.1 Stealth
 + Level 13.9 Unarmed Combat
 + Level 7.4 Spellcasting
 + Level 9.0 Transmutations
 + Level 4.7 Ice Magic
 + Level 0.1 Poison Magic
 + Level 6.5 Evocations


You had 13 spell levels left.
You knew the following spells:

 Your Spells              Type           Power      Damage    Failure   Level
a - Beastly Appendage     Tmut           38%        N/A       1%          1
b - Wereblood             Tmut           19%        N/A       1%          2
c - Spider Form           Tmut/Pois      11%        N/A       9%          3
d - Ice Form              Ice/Tmut       15%        N/A       12%         4

Your spell library contained the following spells:

 Spells                   Type           Power      Damage    Failure   Level
 Passwall                 Tmut/Erth      9%         N/A       6%          2
 Ensorcelled Hibernation  Hex/Ice        14%        N/A       11%         2
 Magic Dart               Conj           12%        1d3       16%         1
 Searing Ray              Conj           6%         2d4       22%         2
 Swiftness                Air            3%         N/A       38%         3
 Fulminant Prism          Conj/Hex       1%         3d6       71%         4


Dungeon Overview and Level Annotations

Branches:
Dungeon (1/1)

Altars:
Cheibriados
Dithmenos
Elyvilon
Gozag
Hepliaklqana
Kikubaaqudgha
Makhleb
Nemelex Xobeh
Okawaru
Qazlal
Ru
Sif Muna
Trog
Uskayaw
Vehumet
Wu Jian
Xom
Yredelemnul
Zin
The Shining One
Beogh
Jiyva
Lugonu

Shops:
D [*[**!!(=


Innate Abilities, Weirdness & Mutations

You are a venomous arachnid creature.
You have poisonous fangs.
You are tiny and dextrous.
Your spellcasting is less reliable in this form.
Your armour is entirely melded.
You are incapable of wielding weapons or throwing items.
You are too large for most types of armour.
((You have claws for hands.))
Your natural rate of healing is unusually fast.
((You are covered in fur. (AC +1)))
((You have tough skin. (AC +1)))


Message History

You turn into a venomous arachnid creature.
Your +0 robe melds into your body.
Unknown command.
Okay, then.
Casting: Spider Form (dangerous; 9% risk of failure)
Confirm with . or Enter, or press ? or * to list all spells.
Okay, then.
You feel yourself speed up.
You barely miss the spriggan defender. The spriggan defender misses you.
You barely miss the spriggan defender.
The spriggan defender completely misses you.
You hit the spriggan defender but do no damage.
The spriggan defender is poisoned.
The spriggan defender hits you with a +1 lajatang of electrocution!!
You are electrocuted!
Unknown command.
Press: ? - help, v - describe, . - travel
Here: a spriggan defender, wielding a +1 lajatang of electrocution and wearing a +0 robe (very poisoned)
The floor.
Unknown command.
You bite the spriggan defender!
The spriggan defender looks as sick as possible!
The spriggan defender is moderately wounded.
The spriggan defender closely misses you.
Unknown command.
Unknown command.
You closely miss the spriggan defender.
The spriggan defender is lightly wounded.
The spriggan defender misses you.
Unknown command.
You barely miss the spriggan defender.
The spriggan defender is lightly wounded.
The spriggan defender hits you with a +1 lajatang of electrocution!!
You are electrocuted!!
* * * LOW HITPOINT WARNING * * *
You miss the spriggan defender.
The spriggan defender is lightly wounded.
The spriggan defender hits you with a +1 lajatang of electrocution!!
You die...
Your body crumbles into a pile of gold.

#################################
..#.⌠._._._._.⌠.#..[...#....##∩##
..'.._._._._._..'.[#...#....'.[##
..#..._._._._...#..###'##...##∩#.
'##.._._._._._..#.)##∩∩.'...#####
..#._._._._._.⌠.#################
..###################......###...
###♣♣♣♣♣..♣.###.si.).))....'.'...
)'......♣..♣##..#..#.......######
.#♣..♣♣♣.♣).###.##)##.P....#
.#.♣♣..♣...♣'...#♣.♣########
#################.....####
#.)♣..♣....###
#...♣......♣...♣###
........♣.....i.∩...)#
.#####################


You could see a spriggan defender (extremely poisoned).

Vanquished Creatures
  Agnes (D)
  A spriggan berserker (D)
  A spriggan druid (D)
  6 oklob plants (D)
  A moth of wrath (D)
  A demonic crawler (D)
  A queen bee (D)
  3 burning bushes (D)
  2 hornets (D)
  3 wandering mushrooms (D)
  3 scorpions (D)
  4 killer bees (D)
  5 oklob saplings (D)
  2 spriggans (D)
  A river rat (D)
  A rat (D)
36 creatures vanquished.

Vanquished Creatures (collateral kills)
  3 spriggans (D)
3 creatures vanquished.

Vanquished Creatures (others)
  A ballistomycete spore (D)
  A bush (D)
  7 fungi (D)
9 creatures vanquished.

Grand Total: 48 creatures vanquished

Notes
Turn   | Place    | Note
-------+----------+-------------------------------------------
     0 | D        | mhtbhm the Troll Transmuter began the quest for the Orb.
     0 | D        | Reached XP level 1. HP: 18/18 MP: 1/1
    21 | D        | Reached skill level 4 in Unarmed Combat
    21 | D        | Reached XP level 2. HP: 22/26 MP: 0/3
    55 | D        | Learned a level 2 spell: Wereblood
    58 | D        | Noticed an oklob sapling
    58 | D        | Noticed a scorpion
    63 | D        | Killed a scorpion
    64 | D        | Reached skill level 6 in Unarmed Combat
    64 | D        | Reached XP level 3. HP: 28/32 MP: 0/5
    64 | D        | Reached XP level 4. HP: 35/40 MP: 0/6
    68 | D        | Found the amulet of invisibility {+Inv}
   321 | D        | Found an opulent altar of Gozag.
   321 | D        | Found a hazy altar of Hepliaklqana.
   321 | D        | Found a burning altar of Makhleb.
   321 | D        | Found a sparkling altar of Nemelex Xobeh.
   321 | D        | Found a snail-covered altar of Cheibriados.
   321 | D        | Found a sacrificial altar of Ru.
   321 | D        | Found a shimmering blue altar of Sif Muna.
   321 | D        | Found a shimmering altar of Xom.
   321 | D        | Found a basalt altar of Yredelemnul.
   322 | D        | Found a viscous altar of Jiyva.
   322 | D        | Found a bloodstained altar of Trog.
   322 | D        | Found an ornate altar of the Wu Jian Council.
   323 | D        | Found an iron altar of Okawaru.
   323 | D        | Found a shadowy altar of Dithmenos.
   323 | D        | Found a glowing silver altar of Zin.
   324 | D        | Found an ancient bone altar of Kikubaaqudgha.
   324 | D        | Found a hide-covered altar of Uskayaw.
   325 | D        | Found a stormy altar of Qazlal.
   325 | D        | Found a white marble altar of Elyvilon.
   325 | D        | Found a glowing golden altar of the Shining One.
   326 | D        | Became a worshipper of Gozag Ym Sagoz the Greedy
   327 | D        | Found a corrupted altar of Lugonu.
   327 | D        | Found a radiant altar of Vehumet.
   333 | D        | Reached skill level 1 in Fighting
   333 | D        | Reached skill level 7 in Unarmed Combat
   333 | D        | Reached XP level 5. HP: 29/48 MP: 2/8
   382 | D        | Reached skill level 8 in Unarmed Combat
   397 | D        | Reached skill level 1 in Evocations
   399 | D        | Reached skill level 9 in Unarmed Combat
   399 | D        | Reached XP level 6. HP: 19/55 MP: 4/10
   451 | D        | Found Annaf's Armour Shop.
   451 | D        | Found Qialeim's Assorted Antiques.
   491 | D        | Learned a level 3 spell: Spider Form
   496 | D        | Learned a level 4 spell: Ice Form
   736 | D        | Noticed a queen bee
   763 | D        | Reached skill level 1 in Stealth
   828 | D        | Reached skill level 1 in Ice Magic
   884 | D        | Killed a queen bee
   885 | D        | Reached skill level 5 in Dodging
   885 | D        | Reached skill level 5 in Transmutations
   885 | D        | Reached XP level 7. HP: 36/66 MP: 0/12
  1251 | D        | Noticed an oklob plant
  1257 | D        | Killed an oklob plant
  1258 | D        | Reached skill level 10 in Unarmed Combat
  1258 | D        | Reached XP level 8. HP: 75/75 MP: 7/14
  1296 | D        | Noticed a burning bush
  1302 | D        | Killed a burning bush
  1303 | D        | Reached skill level 5 in Spellcasting
  1311 | D        | Noticed a burning bush
  1311 | D        | Noticed an oklob plant
  1312 | D        | Noticed a wandering mushroom
  1317 | D        | Killed a burning bush
  1328 | D        | Killed an oklob plant
  1333 | D        | Reached skill level 11 in Unarmed Combat
  1333 | D        | Reached XP level 9. HP: 70/84 MP: 10/16
  1380 | D        | Identified the +8 hand crossbow of Untruth {elec, rC+
                  | Int+2}
  1398 | D        | Noticed a spriggan druid
  1411 | D        | Killed a spriggan druid
  1412 | D        | Reached skill level 5 in Evocations
  1436 | D        | Noticed a moth of wrath
  1442 | D        | Killed a moth of wrath
  1443 | D        | Reached skill level 12 in Unarmed Combat
  1713 | D        | Noticed an oklob plant conjurer
  1717 | D        | Killed an oklob plant conjurer
  1764 | D        | Identified the ring "Lommoy" {Wiz *Slow rPois rCorr SInv}
  1800 | D        | Noticed an oklob plant
  1800 | D        | Noticed an oklob plant summoner
  1801 | D        | Noticed an oklob plant shifter
  1806 | D        | Killed an oklob plant
  1809 | D        | Killed an oklob plant summoner
  1810 | D        | Reached XP level 10. HP: 94/94 MP: 9/18
  1814 | D        | Killed an oklob plant shifter
  1874 | D        | Noticed a spriggan rider
  1894 | D        | Reached skill level 13 in Unarmed Combat
  1910 | D        | Found Omozymp's Antique Weapon Emporium.
  1914 | D        | Found Wuowafot's Jewellery Shoppe.
  1925 | D        | Identified the +8 hand axe "Yfudif" {drain, Fly MP-9 Str+7
                  | SInv}
  2043 | D        | Noticed Agnes
  2059 | D        | Killed Agnes
  2108 | D        | Found Uluux's General Store.
  2108 | D        | Noticed a spriggan berserker
  2117 | D        | Killed a spriggan berserker
  2118 | D        | Reached skill level 5 in Fighting
  2118 | D        | Reached skill level 5 in Stealth
  2201 | D        | Found Xor Iro's General Store.
  2873 | D        | Found Quygim's Distillery.
  2873 | D        | Found Orhipo's Distillery.
  2901 | D        | Identified the +1 pair of boots "Jailid" {Int+3}
  2905 | D        | Bought a potion of heal wounds for 60 gold pieces
  2905 | D        | Bought 2 potions of haste for 240 gold pieces
  2907 | D        | Bought 2 potions of heal wounds for 100 gold pieces
  2907 | D        | Bought a potion of heal wounds for 50 gold pieces
  2909 | D        | Bought a potion of resistance for 100 gold pieces
  2986 | D        | Noticed a spriggan defender
  3171 | D        | Slain by a spriggan defender

Illustrated notes

Levels and vault maps discovered:
D:        dungeon_sprint_fedhas [sprint_temple]

Skill      XL: |  1  2  3  4  5  6  7  8  9 10 |
---------------+-------------------------------+-----
Dodging        | 2 3 4 5 6 7 |  7.5
Unarmed Combat | 4 6 7 9 10 11 12 13 | 13.9
Transmutations | 2 3 4 5 6 7 8 9 |  9.0
Spellcasting   | 2 3 4 5 6 7 |  7.4
Fighting       | 1 2 3 4 5 |  5.0
Evocations     | 1 3 4 5 6 |  6.5
Stealth        | 1 2 4 5 |  5.1
Ice Magic      | 1 2 3 4 |  4.7
Poison Magic   | |  0.1

Action                   |  1- 3 |  4- 6 |  7- 9 | 10-12 || total
-------------------------+-------+-------+-------+-------++-------
Melee: Unarmed           |    12 |    37 |    47 |    51 ||   147
       Headbutt          |     1 |     2 |     4 |       ||     7
       Punch             |       |     1 |     2 |       ||     3
       Kick              |       |       |    12 |     2 ||    14
 Cast: Beastly Appendage |     2 |     3 |     3 |     2 ||    10
       Wereblood         |     1 |     5 |     3 |     5 ||    14
       Ice Form          |       |     3 |     6 |     6 ||    15
       Spider Form       |       |       |       |     2 ||     2
Invok: Call Merchant     |       |       |     1 |       ||     1
       Potion Petition   |       |       |     1 |     2 ||     3
 Abil: Evoke Invisibilit |       |     5 |     5 |     1 ||    11
  Use: Potion            |     2 |     2 |       |     4 ||     8
       Scroll            |       |       |       |     5 ||     5
 Stab: Sleeping          |       |     2 |     3 |     4 ||     9
       Invisible         |       |       |     3 |       ||     3
Armor: Robe              |     2 |       |     1 |       ||     3
       Skin              |       |     9 |     1 |       ||    10
Dodge: Dodged            |     3 |    30 |    11 |    19 ||    63

Table legend: (Time is in decaauts)
 A = Elapsed time spent in this place.
 B = Non-inter-level travel time spent in this place.
 C = Inter-level travel time spent in this place.
 D = Time resting spent in this place.
 E = Time spent auto-exploring this place.
 F = Levels seen in this place.
 G = Mean time per level.
                   A        B        C        D        E       F      G
               +--------+--------+--------+--------+--------+-----+--------+
         Total |   3127 |   3011 |    116 |   2152 |     55 |   1 | 3127.0 |
       Dungeon |   3127 |   3011 |    116 |   2152 |     55 |   1 | 3127.0 |
               +--------+--------+--------+--------+--------+-----+--------+

Top non-repeatable levels by time:
       D: 3127 daAuts
